 Dungeon Crawl Stone Soup version 0.21.1-1-g345015fe64 (webtiles) character file.

117019 Peloso the Peltast (level 16, -1/149 HPs)
             Began as a Minotaur Fighter on June 8, 2018.
             Was the Champion of Okawaru.
             Killed from afar by a deep elf knight (37 damage)
             ... with a stone arrow
             ... on level 1 of the Elven Halls.
             The game lasted 01:31:31 (28304 turns).

Peloso the Peltast (Minotaur Fighter)              Turns: 28304, Time: 01:31:32

Health: -1/149     AC: 30    Str: 28    XL:     16   Next: 22%
Magic:  16/16      EV: 12    Int:  7    God:    Okawaru [******]
Gold:   2646       SH: 17    Dex: 15    Spells: 15/15 levels left

rFire    . . .     SeeInvis +   a - +11 double sword of Infection {holy, rPois Int+2}
rCold    . . .     Gourm    .   c - +1 shield {rPois}
rNeg     . . .     Faith    .   J - +3 plate armour {MR+}
rPois    +         Spirit   .   A - +0 hat {SInv}
rElec    .         Reflect  .   X - +0 cloak {MR+}
rCorr    .         Harm     .   r - +2 pair of gloves {Dex+3}
MR       +++..                  L - +0 pair of boots {Stlth+}
Stlth    ..........             R - amulet of regeneration
HPRegen  0.74/turn              Q - +4 ring of protection
MPRegen  0.15/turn              s - +2 ring of strength

@: no status effects
A: retaliatory headbutt, horns 2
a: Heroism, Finesse, Renounce Religion


You were on level 1 of the Elven Halls.
You worshipped Okawaru.
Okawaru was exalted by your worship.
You were near starving.

You visited 6 branches of the dungeon, and saw 26 of its levels.
You also visited: Labyrinth.

You collected 2822 gold pieces.
You spent 176 gold pieces at shops.

Inventory:

Hand Weapons
 a - the +11 double sword of Infection (weapon) {holy, rPois Int+2}
   (Okawaru gifted it to you on level 6 of the Lair of Beasts)

   It has been blessed by the Shining One to cause great damage to the undead
   and demons.
   It affects your intelligence (+2).
   It protects you from poison.
 b - a +6 demon blade of flaming
Armour
 c - a +1 shield of poison resistance (worn)
 r - a +2 pair of gloves of dexterity (worn)
 A - a +0 hat of see invisible (worn)
 J - a +3 plate armour of magic resistance (worn)
 L - a +0 pair of boots of stealth (worn)
 X - a +0 cloak of magic resistance (worn)
Jewellery
 k - an uncursed ring of flight
 s - a +2 ring of strength (right hand)
 Q - a +4 ring of protection (left hand)
 R - an amulet of regeneration (around neck)
 S - an uncursed ring of protection from fire
 Z - an uncursed ring of protection from cold
Wands
 N - a wand of random effects (13)
Scrolls
 g - 5 scrolls of magic mapping
 l - 4 scrolls of holy word
 m - 3 scrolls of fear
 n - 3 scrolls of blinking
 o - 15 scrolls of remove curse
 t - 4 scrolls of amnesia
 v - a scroll of enchant armour
 w - 9 scrolls of identify
 y - 3 scrolls of fog
 F - a scroll of summoning
 M - 6 scrolls of teleportation
Potions
 d - 3 potions of might
 h - 7 potions of curing
 i - 6 potions of heal wounds
 p - a potion of ambrosia
 q - 2 potions of resistance
 u - 4 potions of mutation
 z - 4 potions of haste
 D - 6 potions of agility
 E - 3 potions of berserk rage
 P - 5 potions of invisibility
 T - 2 potions of flight
 V - a potion of magic
 W - a potion of cancellation
Comestibles
 f - 67 rations
 j - 4 chunks of flesh


   Skills:
 + Level 15.5 Fighting
 + Level 17.6 Long Blades
 + Level 15.0 Armour
 + Level 7.1 Dodging
 + Level 3.4 Stealth
 + Level 17.9 Shields
 + Level 0.6 Invocations
 + Level 1.6 Evocations


You had 15 spell levels left.
You didn't know any spells.

Dungeon Overview and Level Annotations

Branches:
Dungeon (15/15)            Temple (1/1) D:6            Lair (6/6) D:9
 Shoals (0/4) Lair:2        Snake (1/4) Lair:3        Slime (0/5) Lair:5
    Orc (2/2) D:12            Elf (1/3) Orc:2        Vaults (0/5) D:14
 Depths (0/5) D:15

Altars:
Ashenzari
Cheibriados
Dithmenos
Elyvilon
Makhleb
Okawaru
Qazlal
Ru
Trog
Xom
Zin
Beogh

Shops:
D:5 *}%*   D:10 :   Orc:2 (=*[(

Annotations:
Lair:3 exclusion: oklob plant


Innate Abilities, Weirdness & Mutations

You reflexively headbutt those who attack you in melee.
You have a pair of horns on your head.


Message History

The stone arrow hits you!
* * * LOW HITPOINT WARNING * * *
You slice the deep elf knight!! You headbutt the deep elf knight.
The deep elf knight is severely wounded.
The deep elf knight casts a spell at you.
The orb of energy hits you!
* * * LOW HITPOINT WARNING * * *
The orb of energy explodes!
You hear a shout!
You slash the deep elf knight!
The deep elf knight is almost dead.
The deep elf knight casts a spell at you.
The orb of energy hits you!
* * * LOW HITPOINT WARNING * * *
The orb of energy explodes!
Unknown command.
You feel much better.
The deep elf knight points at you and mumbles some strange words.
The stone arrow hits you!
You die...

...# *#.,,..* *,,,,,,*,,,,,,,
$#,# #......## *,**,*,*,,,,,,,
.#.# #....$..# *,**,*,*,,,*,,,
...#* ##....##.# *,**,,,,,,,,,,,
.######....).#.# *,****,,,,,*,,,
####.....[.....# *,****,,,,,,,,,
.$.............###*,,,,,,*,,,,,,,
...............e.#*********,,,,,,
.E......§.$....#@# **,,,,,
).e....#..)...##.#**** **,,,,
E§....##.....###..,,,* *,,,,
.....###...e##*####*,* *****
.....# #......,#* **,** ....##
#......?# *,,,* ....# #.......#
*,*,*** #..## #.......# *,*,,,*
##.# #.......#***,*,*,***


You could see a deep elf knight.

Vanquished Creatures
  A nagaraja (Snake:1)
  A deep elf sorcerer (Elf:1)
  An orc warlord (Orc:1)
  Nessos (Lair:5)
  A minotaur (Lab)
  The ghost of Faustar the Devastator, a journeyman DECj of Vehumet (Lair:6)
  A fire dragon (Lair:6)
  8 hydras
  2 rakshasas
  4 naga warriors (Snake:1)
  2 catoblepae
  8 two-headed ogres
  Erica (D:8)
  5 centaur warriors
  A death knight (D:15)
  2 anacondas (Snake:1)
  An alligator (Lair:6)
  4 orc high priests (Orc:2)
  2 tengu warriors (D:15)
  2 dancing weapons (Elf:1)
  A shock serpent (Snake:1)
  2 deep elf knights (Elf:1)
  4 skeletal warriors
  A naga ritualist (Snake:1)
  A flayed ghost (D:15)
  A wizard (D:14)
  A swamp dragon (Lair:6)
  4 lindwurms (Lair:4)
  11 deep elf magi
  7 orc knights
  Pikel (D:7)
  A necromancer (D:14)
  3 orc sorcerers (Orc:2)
  11 ugly things
  A wolf spider (D:15)
  A shining eye (shapeshifter) (D:15)
  4 manticores
  A cyclops (Orc:1)
  A salamander (D:15)
  9 black mambas
  A centaur zombie (D:14)
  3 naga magi (Snake:1)
  Maurice (D:8)
  8 spiny frogs
  Psyche (D:8)
  An eye of devastation (Lair:5)
  A torpor snail (shapeshifter) (D:15)
  2 gargoyles (D:15)
  The ghost of Evaline the Grave Robber, a novice GnNe of Yredelemnul (D:4)
  4 rime drakes
  4 komodo dragons
  An efreet (D:14)
  3 tengu conjurers
  A freezing wraith (D:15)
  A queen bee (Lair:2)
  A jumping spider (shapeshifter) (D:15)
  A queen bee (shapeshifter) (D:15)
  7 trolls
  13 polar bears
  A hornet (D:9)
  A merfolk (D:15)
  9 slime creatures
  11 blink frogs
  3 raiju (Lair:6)
  Grinder (D:4)
  7 dream sheep (Lair:6)
  10 hippogriffs
  Sigmund (D:5)
  2 shadows
  3 wraiths
  A basilisk (Lair:6)
  2 wyverns
  The ghost of crazyass the Sneak, an amateur NaAs of Ashenzari (D:3)
  44 yaks
  13 vampire mosquitoes
  A steam dragon (Lair:6)
  2 hungry ghosts
  2 chaos spawn (D:15)
  2 soldier ants
  7 wargs
  3 acid dragons
  15 nagas (Snake:1)
  14 hell hounds (Lair:6)
  14 water moccasins
  7 porcupines
  28 orc warriors
  3 swamp drakes
  5 sky beasts
  12 black bears
  2 ice beasts
  3 necrophages
  2 eyes of draining
  17 wolves
  19 ogres
  21 crocodiles
  10 centaurs
  A big kobold (D:10)
  2 wyvern zombies
  3 gnoll sergeants
  9 bullfrogs
  10 scorpions
  26 killer bees
  6 wights
  5 howler monkeys
  6 crimson imps
  2 gnoll shamans (D:6)
  5 jellies
  2 bullfrog skeletons (D:4)
  7 hounds
  20 orc priests
  19 orc wizards
  6 centaur skeletons
  5 iguanas
  Natasha (thrice) (D:3)
  6 hell rats (Lair:5)
  10 worker ants
  A hound skeleton (D:11)
  A howler monkey zombie (D:6)
  Robin (D:3)
  23 gnolls
  21 adders
  3 shadow imps
  A worm (D:2)
  5 dart slugs
  6 leopard geckos
  78 orcs
  11 bats
  18 giant cockroaches
  18 goblins
  16 hobgoblins
  5 jackals
  19 kobolds
  5 quokkas
  2 ball pythons (D:2)
  5 frilled lizards
  A jackal zombie (D:7)
  A leopard gecko skeleton (D:2)
  A quokka skeleton (D:6)
  A quokka zombie (D:6)
  4 rats (D:1)
  2 fungi
871 creatures vanquished.

Vanquished Creatures (others)
  A water elemental (Elf:1)
  2 slaves (D:7)
  5 fungi
  13 plants
21 creatures vanquished.

Grand Total: 892 creatures vanquished

Notes
Turn   | Place    | Note
-------+----------+-------------------------------------------
     0 | D:1      | Peloso the Minotaur Fighter began the quest for the Orb.
     0 | D:1      | Reached XP level 1. HP: 19/19 MP: 0/0
   119 | D:1      | Reached XP level 2. HP: 15/27 MP: 1/1
   431 | D:1      | Reached XP level 3. HP: 33/33 MP: 2/2
   939 | D:2      | Reached XP level 4. HP: 32/40 MP: 3/3
  1816 | D:3      | Reached skill level 1 in Dodging
  1829 | D:3      | Reached XP level 5. HP: 44/47 MP: 4/4
  1846 | D:3      | Noticed Robin
  1868 | D:3      | Killed Robin
  1868 | D:3      | Reached skill level 5 in Shields
  2145 | D:3      | Noticed Natasha
  2153 | D:3      | Killed Natasha
  2165 | D:3      | Noticed Natasha
  2172 | D:3      | Killed Natasha
  2382 | D:3      | Noticed crazyass's ghost (amateur NaAs)
  2415 | D:3      | Killed crazyass's ghost
  2415 | D:3      | Reached skill level 5 in Armour
  2415 | D:3      | Reached XP level 6. HP: 26/53 MP: 5/5
  2617 | D:3      | Noticed Natasha
  2624 | D:3      | Killed Natasha
  2748 | D:3      | Reached skill level 5 in Long Blades
  2894 | D:3      | Found a bloodstained altar of Trog.
  3354 | D:4      | Reached skill level 5 in Fighting
  3375 | D:4      | Noticed Evaline's ghost (novice GnNe)
  3392 | D:4      | Killed Evaline's ghost
  3392 | D:4      | Reached XP level 7. HP: 47/61 MP: 6/6
  3769 | D:4      | Noticed Grinder
  3769 | D:4      | Paralysed by Grinder for 7 turns
  3783 | D:4      | Killed Grinder
  3783 | D:4      | Reached XP level 8. HP: 40/69 MP: 7/7
  4174 | D:5      | Entered Level 5 of the Dungeon
  4219 | D:5      | Found Meir's Food Emporium.
  4404 | D:5      | Noticed Sigmund
  4742 | D:5      | Killed Sigmund
  4742 | D:5      | Reached skill level 1 in Stealth
  4774 | D:5      | Found Qeigak's General Store.
  4865 | D:5      | Found Xeenis's Gadget Shop.
  4942 | D:5      | Found Vexoip's General Store.
  5007 | D:5      | Found a white marble altar of Elyvilon.
  5007 | D:5      | Found a snail-covered altar of Cheibriados.
  5288 | D:6      | Found a shadowy altar of Dithmenos.
  5341 | D:6      | Reached XP level 9. HP: 78/78 MP: 8/8
  5498 | D:6      | Found a staircase to the Ecumenical Temple.
  5518 | D:6      | Found a glowing drain.
  5686 | D:6      | Noticed a green death
  5687 | D:6      | Found a burning altar of Makhleb.
  5690 | D:6      | Found a glowing silver altar of Zin.
  5690 | D:6      | Noticed an angel
  5769 | Temple   | Entered the Ecumenical Temple
  5774 | Temple   | Became a worshipper of Warmaster Okawaru
  6806 | D:7      | Noticed a two-headed ogre
  6816 | D:7      | Killed a two-headed ogre
  6816 | D:7      | Reached skill level 10 in Long Blades
  6840 | D:7      | Reached * piety under Okawaru
  6840 | D:7      | Reached XP level 10. HP: 33/85 MP: 9/9
  7176 | D:7      | Got a smoking bardiche
  7187 | D:7      | Identified the cursed +2 bardiche of the Saviour {venom, Dex+3} (You found it on level 7 of the Dungeon)
  7397 | D:7      | Noticed Pikel
  7406 | D:7      | Killed Pikel
  7498 | D:7      | Found a sacrificial altar of Ru.
  7845 | D:8      | Noticed Psyche
  7887 | D:8      | Killed Psyche
  8054 | D:8      | Noticed Maurice
  8121 | D:8      | Killed Maurice
  8121 | D:8      | Reached ** piety under Okawaru
  8295 | D:8      | Noticed a skeletal warrior
  8296 | D:8      | Noticed Erica
  8296 | D:8      | Noticed a skeletal warrior
  8315 | D:8      | Killed a skeletal warrior
  8316 | D:8      | Noticed a skeletal warrior
  8316 | D:8      | Noticed a skeletal warrior
  8316 | D:8      | Noticed a skeletal warrior
  8659 | D:7      | Killed a skeletal warrior
  8659 | D:7      | Reached skill level 10 in Armour
  8659 | D:7      | Reached skill level 1 in Evocations
  8977 | D:9      | Noticed a two-headed ogre
  8981 | D:9      | Killed a two-headed ogre
  8981 | D:9      | Reached *** piety under Okawaru
  8981 | D:9      | Reached skill level 10 in Shields
  9119 | D:9      | Reached XP level 11. HP: 72/93 MP: 7/10
  9175 | D:9      | Got a twisted rapier
  9176 | D:9      | Identified the +5 rapier "Beastbane" {pierce, rPois Str-3 SInv} (You found it on level 9 of the Dungeon)
  9452 | D:9      | Reached **** piety under Okawaru
  9709 | D:9      | Found a staircase to the Lair.
  9763 | D:10     | Entered Level 10 of the Dungeon
 10190 | D:10     | Found a glowing silver altar of Zin.
 10462 | D:10     | Found Ettocio's Book Shoppe.
 11374 | D:8      | Killed a skeletal warrior
 11617 | D:8      | Killed a skeletal warrior
 11801 | D:8      | Killed Erica
 11859 | Lair:1   | Entered Level 1 of the Lair of Beasts
 12046 | Lair:1   | Reached ***** piety under Okawaru
 12700 | Lair:2   | Found a staircase to the Shoals.
 12870 | Lair:2   | Received a gift from Okawaru
 12870 | Lair:2   | Reached XP level 12. HP: 95/106 MP: 9/11
 13410 | Lair:2   | Noticed an eight-headed hydra
 13413 | Lair:2   | Killed a five-headed hydra
 13447 | Lair:3   | Reached skill level 10 in Fighting
 13454 | Lair:3   | Found a staircase to the Snake Pit.
 13790 | Lair:3   | Noticed a catoblepas
 13827 | Lair:3   | Killed a catoblepas
 14046 | Lair:3   | Found a sacrificial altar of Ru.
 14224 | Lair:4   | Found a labyrinth entrance.
 14233 | Lab      | Entered a labyrinth
 15823 | Lab      | Noticed a minotaur
 15828 | Lab      | Killed a minotaur
 15828 | Lab      | Received a gift from Okawaru
 15874 | Lair:4   | Noticed a six-headed hydra
 15883 | Lair:4   | Killed a one-headed hydra
 16014 | Lair:4   | Noticed an eight-headed hydra
 16028 | Lair:4   | Killed a three-headed hydra
 16187 | Lair:4   | Reached XP level 13. HP: 84/116 MP: 8/12
 17436 | Lair:5   | Found a staircase to the Slime Pits.
 17459 | Lair:5   | Reached skill level 5 in Dodging
 17569 | Lair:5   | Noticed Nessos
 17580 | Lair:5   | Killed Nessos
 17949 | Lair:6   | Entered Level 6 of the Lair of Beasts
 18070 | Lair:6   | Received a gift from Okawaru
 18076 | Lair:6   | Got a dazzling double sword {god gift}
 18077 | Lair:6   | Identified the +11 double sword of Infection {holy, rPois Int+2} (Okawaru gifted it to you on level 6 of the Lair of Beasts)
 18122 | Lair:6   | Reached ****** piety under Okawaru
 18529 | Lair:6   | Noticed Faustar's ghost (journeyman DECj)
 18544 | Lair:6   | Killed Faustar's ghost
 18616 | Lair:6   | Reached skill level 15 in Long Blades
 18699 | Lair:6   | Received a gift from Okawaru
 18921 | Lair:6   | Noticed a fire dragon
 18930 | Lair:6   | Killed a fire dragon
 19357 | Lair:6   | Reached XP level 14. HP: 127/127 MP: 14/14
 20591 | D:12     | Received a gift from Okawaru
 20612 | D:12     | Reached skill level 15 in Shields
 20933 | D:12     | Found a staircase to the Orcish Mines.
 21300 | Orc:1    | Entered Level 1 of the Orcish Mines
 21560 | Orc:1    | Found a roughly hewn altar of Beogh.
 21744 | Orc:2    | Entered Level 2 of the Orcish Mines
 21756 | Orc:2    | Found Diqyra's Antique Armour Emporium.
 21757 | Orc:2    | Noticed an orc warlord
 21989 | Orc:1    | Killed an orc warlord
 21989 | Orc:1    | Received a gift from Okawaru
 22082 | Orc:1    | Received a gift from Okawaru
 22163 | Orc:2    | Found Waun Dauno's General Store.
 22405 | Orc:2    | Found Fuos Box's Jewellery Shoppe.
 22440 | Orc:2    | Bought a cursed amulet of inaccuracy for 32 gold pieces
 22440 | Orc:2    | Bought a cursed ring of loudness for 72 gold pieces
 22440 | Orc:2    | Bought a cursed ring of teleportation for 72 gold pieces
 22460 | Orc:2    | Found Haarin's Antique Weapon Shop.
 22590 | Orc:2    | Found Xediem Xont's Antique Weapon Shop.
 22783 | Orc:2    | Found a runed door.
 22960 | Orc:2    | Found a staircase to the Elven Halls.
 23189 | Orc:2    | Found a roughly hewn altar of Beogh.
 23456 | Snake:1  | Entered Level 1 of the Snake Pit
 23532 | Snake:1  | Reached XP level 15. HP: 114/138 MP: 13/15
 23680 | Snake:1  | Noticed a nagaraja
 23698 | Snake:1  | Killed a nagaraja
 23897 | Snake:1  | Received a gift from Okawaru
 25479 | D:14     | Found a shattered altar of Ashenzari.
 25976 | D:14     | Found a stormy altar of Qazlal.
 26228 | D:14     | Found a gate to the Vaults.
 26751 | D:15     | Entered Level 15 of the Dungeon
 26794 | D:15     | Received a gift from Okawaru
 27007 | D:15     | Found the +0 mace of Variability {chaos}
 27010 | D:15     | Found a shimmering altar of Xom.
 27021 | D:15     | Reached skill level 15 in Fighting
 27294 | D:15     | Found a staircase to the Depths.
 27401 | D:15     | Reached XP level 16. HP: 121/149 MP: 12/16
 27648 | D:15     | Reached skill level 15 in Armour
 27725 | D:15     | Received a gift from Okawaru
 28175 | Elf:1    | Entered Level 1 of the Elven Halls
 28304 | Elf:1    | Killed from afar by a deep elf knight

Skill      XL: |  1  2  3  4  5  6  7  8  9 10 11 12 13 14 15 16 |
---------------+-------------------------------------------------+-----
Armour         | 4 5 6 7 9 10 11 13 14 15 | 15.0
Shields        | 4 5 6 7 9 10 11 13 14 15 17 | 17.9
Fighting       | 4 5 6 7 8 9 11 12 14 15 | 15.5
Long Blades    | 3 4 5 6 8 10 11 13 14 15 16 17 | 17.6
Dodging        | 1 2 3 4 6 7 |  7.1
Stealth        | 1 2 3 |  3.4
Evocations     | 1 |  1.6
Invocations    | |  0.6

Action                   |  1- 3 |  4- 6 |  7- 9 | 10-12 | 13-15 | 16-18 || total
-------------------------+-------+-------+-------+-------+-------+-------++-------
Melee: Long sword        |    98 |   177 |   304 |   394 |       |       ||   973
       Headbutt          |    10 |    34 |    69 |   229 |   308 |    22 ||   672
       Scimitar          |       |       |       |   385 |    22 |       ||   407
       Demon blade       |       |       |       |       |   798 |    42 ||   840
       Double sword      |       |       |       |       |   431 |    56 ||   487
Invok: Heroism           |       |       |       |     6 |     3 |     1 ||    10
Evoke: Wand              |       |       |     2 |     6 |     7 |       ||    15
  Use: Scroll            |       |       |    17 |    13 |     5 |     2 ||    37
       Potion            |       |       |     1 |     4 |     1 |     2 ||     8
  Eat: Chunk             |       |     8 |    11 |    21 |    31 |     1 ||    72
       Ration            |       |       |     1 |     3 |     2 |       ||     6
Armor: Scale mail        |    62 |    64 |    61 |       |       |       ||   187
       Chain mail        |       |       |    27 |    36 |       |       ||    63
       Plate armour      |       |       |       |   239 |   202 |    55 ||   496
       Fire dragon scale |       |       |       |    12 |   233 |       ||   245
Dodge: Dodged            |    30 |    61 |   109 |   205 |   463 |    24 ||   892
Block: Shield            |    47 |   112 |   192 |   457 |  1011 |    70 ||  1889
       Rpst.: Long sword |     5 |    13 |    33 |    27 |       |       ||    78
       Scimitar          |       |       |       |    31 |     3 |       ||    34
       Demon blade       |       |       |       |       |    52 |     2 ||    54
       Double sword      |       |       |       |       |    43 |     6 ||    49
